 Dungeon Crawl Stone Soup version 0.29-a0-495-g17b7911 (webtiles) character file.

Game seed: 2705883273682892865

321 Toastz the Bolt Thrower (level 6, -1/38 HPs)
             Began as a Tengu Hunter on May 27, 2022.
             Was an Initiate of Okawaru.
             Slain by Pikel
             ... wielding a +2 whip of freezing
              (7 damage)
             ... on level 4 of the Dungeon.
             The game lasted 00:07:29 (3646 turns).

Toastz the Bolt Thrower (Tengu Hunter)              Turns: 3646, Time: 00:07:29

Health: -1/38      AC:  5    Str: 10 (11) XL:     6   Next: 46%
Magic:  16/16      EV: 13    Int:  7 (10) God:    Okawaru [......]
Gold:   120        SH:  0    Dex: 18 (19) Spells: 5/5 levels left

rFire   . . .      SeeInvis .   a - +1 hand crossbow
rCold   . . .      Faith    .   (no shield)
rNeg    . . .      Spirit   .   e - +0 ring mail
rPois   .          Reflect  .   (helmet restricted)
rElec   .          Harm     .   (no cloak)
rCorr   .          Rampage  .   (no gloves)
Will    .....                   (boots unavailable)
Stlth   +.........              (no amulet)
HPRegen 0.12/turn               l - ring of magical power
MPRegen 0.15/turn               (no ring)

@: flying quickly and evasively, quick
A: beak, talons 3, nimble flight
a: Renounce Religion


You were on level 4 of the Dungeon.
You worshipped Okawaru.
Okawaru was noncommittal.
You visited 2 branches of the dungeon, and saw 5 of its levels.

You collected 120 gold pieces.

Inventory:

Hand Weapons
 a - a +1 hand crossbow (weapon)
 n - a +0 dagger of speed
Missiles
 f - 119 stones
Armour
 b - a +0 leather armour
 e - a +0 ring mail (worn)
Jewellery
 l - a ring of magical power (left hand)
 q - a ring of protection from fire
Wands
 y - a wand of flame (20)
Scrolls
 c - a scroll of immolation
 i - 4 scrolls of identify {unknown}
 k - 2 scrolls of enchant weapon {unknown}
 o - a scroll of magic mapping {unknown}
 s - a scroll of poison {unknown}
 u - 2 scrolls of enchant armour {unknown}
 w - a scroll of teleportation {unknown}
 x - a scroll of vulnerability {unknown}
Potions
 d - 2 potions of flight {unknown}
 g - 2 potions of magic
 h - a potion of resistance {unknown}
 j - a potion of heal wounds {unknown}
 m - a potion of lignification {unknown}
 p - a potion of degeneration
 r - a potion of curing {unknown}
 t - a potion of brilliance {unknown}
 v - a potion of haste {unknown}


   Skills:
 + Level 3.9 Fighting
 * Level 7.0 Crossbows
 + Level 1.8 Armour
 - Level 2.1 Dodging
 - Level 1.0 Stealth


You had 5 spell levels left.
You didn't know any spells.
Your spell library contained the following spells:

 Spells                   Type           Power      Damage    Failure   Level
 Dazzling Flash           Conj/Hex       0%         N/A       98%         3
 Agony                    Necr           0%         N/A       100%        5
 Silence                  Hex/Air        0%         N/A       100%        5


Dungeon Overview and Level Annotations

Branches:
Dungeon (4/15)             Temple (1/1) D:4

Altars:
Cheibriados
Elyvilon
Fedhas
Gozag
Kikubaaqudgha
Makhleb
Nemelex Xobeh
Okawaru
Sif Muna
Wu Jian
Yredelemnul
Zin
The Shining One

Shops:
D:1 :

Annotations:
D:4 Pikel


Innate Abilities, Weirdness & Mutations

You have a beak for a mouth.
You have claws for feet.
Your magical nature lets you fly swiftly and evasively.


Message History

You shoot a bolt. The bolt hits the ufetubus.
The ufetubus is almost dead.
The lemure hits you.
A lemure comes into view.
The lemure hits you.
Shoot: a) +1 hand crossbow
Press: ? - help, Q - select action, (/) - cycle Shift-Dir - straight line, p - ufetubus You shoot a bolt.
The bolt closely misses the ufetubus.
The ufetubus misses you. The ufetubus completely misses you.
Shoot: a) +1 hand crossbow
Press: ? - help, Q - select action, (/) - cycle Shift-Dir - straight line, f - ufetubus
Aim: an ufetubus (almost dead, 52% to hit)
Okay, then.
Shoot: a) +1 hand crossbow
Press: ? - help, Q - select action, (/) - cycle Shift-Dir - straight line, f - Pikel
Aim: Pikel, wielding a +2 whip of freezing and wearing a +2 robe of willpower (61% to hit)
You shoot a bolt. The bolt hits Pikel but does no damage.
The ufetubus barely misses you.
The ufetubus hits you but does no damage.
The ufetubus hits you. The ufetubus misses you.
Shoot: a) +1 hand crossbow
Press: ? - help, Q - select action, (/) - cycle Shift-Dir - straight line, f/p - Pikel
Aim: Pikel, wielding a +2 whip of freezing and wearing a +2 robe of willpower (61% to hit)
You shoot a bolt. The bolt barely misses Pikel.
The bolt hits the lemure.
The lemure is heavily wounded.
The ufetubus hits you. x2
Pikel hits you with a +2 whip of freezing.
Pikel freezes you.
* * * LOW HITPOINT WARNING * * *
The ufetubus barely misses you. x2
It was a potion of magic.
Magic courses through your body. Pikel closely misses you.
The ufetubus misses you. The ufetubus hits you.
* * * LOW HITPOINT WARNING * * *
It was a potion of degeneration.
There was something very wrong with that liquid.
You feel weakened.
You feel dopey.
You feel clumsy. The ufetubus closely misses you. The ufetubus hits you.
* * * LOW HITPOINT WARNING * * *
Pikel hits you with a +2 whip of freezing!
You die...

..##..# ..##..# ###########
..##..# .. #.........# ..##..#
#.. #......... ...#..# #.####
#......./ ...#..# #....# #......#
...#..# #....## #......####.
####..####.....#######...........
.....>.........5@K55J55......# #
.....##........#######.......# ..
#######........# ##....)..#.##
#....###.# ####....#†#.....
###### #.# #.......#.##.... #.#
#.......#.5..... #.#
#........###.... ###.###.)......#
.... ##### #.....#.##.....# J###


You could see Pikel, 4 lemures, an ufetubus and an endoplasm.

Vanquished Creatures
  A black bear (D:4)
  A howler monkey (D:4)
  A crimson imp (D:2)
  An orc wizard (D:3)
  5 adders
  A worm (D:2)
  5 dart slugs
  4 orcs
  5 endoplasms
  2 giant cockroaches (D:1)
  6 goblins
  7 hobgoblins
  4 jackals (D:3)
  A quokka (D:4)
  9 ball pythons
  4 bats
  2 frilled lizards
  A goblin zombie (D:3)
  A hobgoblin zombie (D:3)
  7 kobolds
  3 kobold skeletons (D:3)
  A kobold zombie (D:3)
  2 orc skeletons (D:3)
  4 rats
78 creatures vanquished.

Notes
Turn   | Place    | Note
-------+----------+-------------------------------------------
     0 | D:1      | Toastz the Tengu Hunter began the quest for the Orb.
     0 | D:1      | Reached XP level 1. HP: 12/12 MP: 2/2
   129 | D:1      | Reached XP level 2. HP: 16/17 MP: 3/3
   196 | D:1      | Found a faded altar of an unknown god.
   312 | D:1      | Reached skill level 5 in Crossbows
   513 | D:1      | Reached XP level 3. HP: 22/22 MP: 4/4
   771 | D:1      | Found Toturuw's Book Shop.
  1256 | D:2      | Reached XP level 4. HP: 27/27 MP: 5/5
  1720 | D:3      | Found a burning altar of Makhleb.
  1891 | D:3      | Found a glowing golden altar of the Shining One.
  2047 | D:2      | Reached skill level 6 in Crossbows
  2047 | D:2      | Gained mutation: Your magical nature lets you fly swiftly
                  | and evasively. [Tengu growth]
  2047 | D:2      | Reached XP level 5. HP: 24/32 MP: 6/6
  2999 | D:4      | Found a staircase to the Ecumenical Temple.
  3005 | Temple   | Entered the Ecumenical Temple
  3191 | Temple   | Became a worshipper of Warmaster Okawaru
  3385 | D:4      | Noticed a black bear
  3401 | D:4      | Killed a black bear
  3402 | D:4      | Reached skill level 1 in Armour
  3402 | D:4      | Reached XP level 6. HP: 23/38 MP: 7/7
  3617 | D:4      | Reached skill level 7 in Crossbows
  3628 | D:4      | Noticed Pikel
  3646 | D:4      | Slain by Pikel

Illustrated notes

Levels and vault maps discovered:
D:1:      mainiacjoe_arrival_reflecting_pool, layout_basic, serial_shops,
          nicolae_shop_waterfront, chequers_ecumenical_altar_simple,
          bh_walls_and_bars
D:2:      layout_rooms
D:3:      layout_rooms, mainiacjoe_overflow_surrounded_room,
          nicolae_tso_besieged_by_evil
D:4:      layout_basic, kennysheep_little_box, minmay_temple_entry_wispy,
          minmay_liquid_box, nicolae_specific_store, uniq_pikel
Temple:   grunt_temple_mini_profane

Skill      XL: |  1  2  3  4  5  6 |
---------------+-------------------+-----
Crossbows      | 5 6 7 |  7.0
Fighting       | 3 |  3.9
Armour         | 1 |  1.8
Dodging        | |  2.1
Stealth        | |  1.0

Action                   |  1- 3 |  4- 6 || total
-------------------------+-------+-------++-------
 Fire: Hand crossbow     |    74 |   175 ||   249
  Use: Potion            |       |     2 ||     2
Armor: Leather armour    |     6 |    13 ||    19
       Ring mail         |       |    32 ||    32
Dodge: Dodged            |    13 |    91 ||   104

Table legend: (Time is in decaauts)
 A = Elapsed time spent in this place.
 B = Non-inter-level travel time spent in this place.
 C = Inter-level travel time spent in this place.
 D = Time resting spent in this place.
 E = Time spent auto-exploring this place.
 F = Levels seen in this place.
 G = Mean time per level.
                   A        B        C        D        E       F      G
               +--------+--------+--------+--------+--------+-----+--------+
         Total |   3644 |   3459 |    185 |    639 |   2191 |   5 |  728.8 |
       Dungeon |   3452 |   3306 |    146 |    639 |   2045 |   4 |  863.0 |
        Temple |    191 |    153 |     38 |      0 |    146 |   1 |  191.0 |
               +--------+--------+--------+--------+--------+-----+--------+

Top non-repeatable levels by time:
     D:2: 1258 daAuts
     D:1: 900 daAuts
     D:3: 730 daAuts
     D:4: 563 daAuts
  Temple: 191 daAuts
